 Dungeon Crawl Stone Soup version 0.28.0-1-gb440e238dd (webtiles) character file.

Game seed: 10489157119230492484

150381 danielguo94 the Severer (level 16, -2/228 HPs)
             Began as a Minotaur Berserker on Feb 18, 2022.
             Was a High Priest of Trog.
             Slain by a redback (13 damage)
             ... on level 4 of the Spider Nest on Feb 19, 2022.
             The game lasted 00:52:15 (29181 turns).

danielguo94 the Severer (Minotaur Berserker)       Turns: 29181, Time: 00:52:16

Health: -2/228     AC: 17    Str: 32    XL:     16   Next: 98%
Magic:  15/15      EV: 16    Int:  4    God:    Trog [*****.]
Gold:   3365       SH:  5    Dex: 19    Spells: 15/15 levels left

rFire   + . .      SeeInvis .   q - +6 battleaxe (vamp)
rCold   + . .      Faith    .   (shield currently unavailable)
rNeg    + . .      Spirit   .   T - +2 scale mail of the Ageless Lies {rPois rN+ Stlth-}
rPois   +          Reflect  +   I - +1 hat
rElec   .          Harm     .   Y - +1 cloak "Ixuism" {Dex+5}
rCorr   .          Rampage  .   N - +1 pair of gloves
Will    ++...                   z - +0 pair of boots
Stlth   ..........              l - amulet of reflection
HPRegen 0.48/turn               e - +6 ring of strength
MPRegen 0.14/turn               E - ring "Tyceqeal" {rF+ rC+ Will+}

@: berserking, corroded, studying Unarmed Combat, very quick
A: horns 2, retaliatory headbutt
a: Renounce Religion, Berserk, Trog's Hand, Brothers in Arms


You were on level 4 of the Spider Nest.
You worshipped Trog.
Trog was extremely pleased with you.
You visited 4 branches of the dungeon, and saw 27 of its levels.
You also visited: Sewer and Ossuary.

You collected 4235 gold pieces.
You spent 870 gold pieces at shops.

Inventory:

Hand Weapons
 p - a +3 broad axe of flaming
 q - a +6 vampiric battleaxe (weapon)
 K - a +2 spectral flail
 U - the +9 battleaxe "Xeag" {vorpal, Dex+3}
   (Trog gifted it to you on level 3 of the Lair of Beasts)

   It inflicts extra damage upon your enemies.
   Dex:       It affects your dexterity (+3).
Missiles
 k - 40 poisoned darts (quivered)
 F - 7 javelins
 H - 3 throwing nets
 P - 3 atropa-tipped darts
 Z - 2 curare-tipped darts
Armour
 f - an orb of light
 g - a +0 kite shield
 z - a +0 pair of boots (worn)
 I - a +1 hat (worn)
 N - a +1 pair of gloves (worn)
 T - the +2 scale mail of the Ageless Lies (worn) {rPois rN+ Stlth-}
   (You found it on level 2 of the Lair of Beasts)

   rPois:     It protects you from poison.
   rN:        It protects you from negative energy.
   Stlth:     It makes you less stealthy.
 Y - the +1 cloak "Ixuism" (worn) {Dex+5}
   (You acquired it on level 2 of the Spider Nest)

   Dex:       It affects your dexterity (+5).
Jewellery
 c - a +4 ring of protection
 e - a +6 ring of strength (left hand)
 l - an amulet of reflection (around neck)
 E - the ring "Tyceqeal" (right hand) {rF+ rC+ Will+}
   (You acquired it on level 2 of the Spider Nest)

   [ring of willpower]

   rF:        It protects you from fire.
   rC:        It protects you from cold.
   Will:      It increases your willpower.
 Q - a ring of resist corrosion
 W - a +4 ring of slaying
 X - a ring of protection from cold
Wands
 d - a wand of polymorph (11)
 r - a wand of acid (11)
 A - a wand of mindburst (20)
 C - a wand of paralysis (14)
 J - a wand of iceblast (15)
 S - a wand of digging (12)
Scrolls
 a - a scroll of enchant armour
 h - 6 scrolls of fear
 i - 7 scrolls of teleportation
 j - 2 scrolls of magic mapping
 v - a scroll of silence
 w - 7 scrolls of blinking
 y - 3 scrolls of summoning
 D - 2 scrolls of holy word
 L - 8 scrolls of fog
 O - 4 scrolls of immolation
 R - 3 scrolls of identify
Potions
 b - 9 potions of might
 m - a potion of haste
 n - 7 potions of curing
 o - 4 potions of mutation
 s - 3 potions of magic
 t - 5 potions of attraction
 u - 5 potions of lignification
 x - 2 potions of resistance
 B - 4 potions of heal wounds
 G - 5 potions of flight
 M - 2 potions of berserk rage
 V - 2 potions of ambrosia


   Skills:
 + Level 16.6 Fighting
 + Level 20.5(20.6) Axes
 + Level 3.4(13.9) Maces & Flails
 * Level 18.9 Armour
 + Level 8.3 Dodging
 + Level 10.7 Shields
 * Level 9.8 Evocations


You had 15 spell levels left.
You didn't know any spells.
Your spell library was empty.

Dungeon Overview and Level Annotations

Branches:
Dungeon (15/15)            Temple (0/1) D:7            Lair (6/6) D:10
 Shoals (0/4) Lair:2       Spider (4/4) Lair:3        Slime (0/5) Lair:6
    Orc (2/2) D:10            Elf (0/3) Orc:2        Vaults (0/5) D:13
 Depths (0/4) D:15          Sewer (visited)         Ossuary (visited)

Altars:
Cheibriados
Hepliaklqana
Okawaru
Xom

Shops:
D:9 !(?   D:12 *   Orc:2 *[:(

Annotations:
Spider:4 2 exclusions


Innate Abilities, Weirdness & Mutations

You have a pair of horns on your head.
You reflexively headbutt those who attack you in melee.


Message History

* * * LOW HITPOINT WARNING * * *
The entropy weaver simulacrum hits you.
* * * LOW HITPOINT WARNING * * *
The entropy weaver simulacrum freezes you.
You resist.
* * * LOW HITPOINT WARNING * * *
The redback bites you.
* * * LOW HITPOINT WARNING * * *
A red film seems to cover your vision as you go berserk!
You feel yourself moving faster!
You feel mighty! The redback closely misses you. You furiously retaliate!
You headbutt the redback! You block the redback's attack.
The entropy weaver simulacrum hits you.
* * * LOW HITPOINT WARNING * * *
The entropy weaver simulacrum freezes you!
You resist.
* * * LOW HITPOINT WARNING * * *
The entropy weaver simulacrum hits you but does no damage. x2
The entropy weaver simulacrum barely misses you.
The helpless spark wasp fails to defend itself.
You open the spark wasp like a pillowcase!!!
You feel the power of Trog in you as your rage grows.
You kill the spark wasp!
Trog accepts your kill.
You closely miss the entropy weaver simulacrum.
You slash the redback! You completely miss the redback.
A freezing mist starts to gather...
A spark wasp simulacrum comes into view.
The redback bites you but does no damage.
The redback barely misses you. You furiously retaliate!
You headbutt the redback!!
You feel the power of Trog in you as your rage grows.
You kill the redback!
Trog accepts your kill.
You miss the redback.
The redback is severely wounded.
You slash the entropy weaver simulacrum!
The entropy weaver simulacrum vaporises!
The redback bites you!
You die...

**,...## *^,,,,,,,,,,* *,,#^..#
****,,*,,,*,,* ,,,#...#
*,,,,,**^,**** ,###.^#*
*,,,,,^*,,,** ##....#
**,**#^,**,,* #^...######
*,#..**,,,,*
#..##.....#######**#..(^*,,,***
#..#..........#.##.Z<...,,***
.#...####......○@†......,**
....## ####...#.s..#...^* ..###
########..^#*** ..#**
*****,,,,,**.#..**
.##,*****,,,,*^,,,**,...,**
..,,,,,,,,<^,,,*,,*,,,..,,*
..,,^,,,,*,*,,,*^,,,*,,#^**
###*************,,,,,,****
***,,,**


You could see a redback and a spark wasp simulacrum.

Vanquished Creatures
  Frances (D:12)
  An orc warlord (Orc:2)
  The ghost of mdonais the Blocker, an adept OpWz of Jiyva (D:14)
  A stone giant (D:15)
  A broodmother (Spider:3)
  The ghost of Esekla the Carver, a journeyman TeWn of Vehumet (Lair:6)
  Nessos (D:13)
  5 spark wasps
  A bunyip (shapeshifter) (D:13)
  5 entropy weavers
  Snorg (D:11)
  A fire dragon (D:13)
  Fannar (D:10)
  14 hydras
  Erolcha (D:9)
  An ogre mage (D:15)
  7 boulder beetles
  4 centaur warriors
  A catoblepas (Lair:6)
  4 jorogumos
  2 radroaches (Spider:2)
  11 two-headed ogres
  A dancing weapon (Lair:6)
  2 death yaks (Lair:5)
  6 orc high priests (Orc:2)
  Sonja (Orc:1)
  A skeletal warrior (D:8)
  6 pharaoh ants
  A steelbarb worm (Spider:3)
  A sun moth (Spider:3)
  2 orb spiders
  3 spectral wolf spiders (Spider:2)
  18 wolf spiders
  2 deep elf pyromancers
  6 orc knights
  6 wolf spider zombies (Spider:2)
  A manticore (D:12)
  3 orc sorcerers (Orc:2)
  25 ugly things
  3 moths of wrath
  5 cyclopes
  A guardian serpent (D:12)
  5 black mambas
  15 elephants
  A merfolk siren (Lair:2)
  5 gargoyles
  A rime drake (Lair:3)
  2 torpor snails
  9 cane toads
  An efreet (D:13)
  A yaktaur (D:15)
  9 komodo dragons
  3 demonic crawlers
  A yaktaur (shapeshifter) (D:14)
  2 freezing wraiths
  A tengu conjurer (D:13)
  7 polar bears
  9 meliai
  A queen bee (shapeshifter) (D:13)
  6 trolls
  8 hornets
  3 wolf spider simulacra (Spider:2)
  15 tarantellas
  4 slime creatures (D:13)
  A dream sheep (Lair:5)
  10 blink frogs
  18 jumping spiders
  A jumping spider (shapeshifter) (D:13)
  12 spriggans (Lair:6)
  43 yaks
  10 wyverns
  Sigmund (D:5)
  15 culicivoras
  A vampire (D:9)
  5 water elementals (D:15)
  2 shadows
  5 wraiths (D:8)
  6 basilisks
  A human (D:10)
  7 vampire mosquitoes
  46 redbacks
  5 wargs
  12 water moccasins
  Duvessa (D:6)
  An acid dragon (D:13)
  34 orc warriors
  A sky beast (D:7)
  5 black bears
  An ice beast (D:7)
  4 ogres
  3 necrophages
  23 wolves
  3 boggarts (Lair:6)
  11 centaurs
  A kobold brigand (D:8)
  12 bullfrogs
  2 scorpions
  3 gnoll sergeants
  Dowan (D:6)
  11 killer bees (D:8)
  7 wights (D:8)
  6 electric eels
  5 howler monkeys
  3 lava snakes (Lair:5)
  8 centaur zombies
  2 jellies (Lair:6)
  2 human zombies (Ossuary)
  18 orc priests
  6 hounds
  3 bullfrog skeletons
  A centaur skeleton (D:5)
  A gnoll shaman (D:7)
  A hell rat (Sewer)
  4 iguanas
  29 orc wizards
  A killer bee zombie (D:7)
  2 mummies (Ossuary)
  25 gnolls
  5 adders
  4 river rats
  A shadow imp (D:8)
  A white imp (D:5)
  2 ufetubi
  4 worms
  A dart slug (D:4)
  79 orcs
  3 bats
  11 endoplasms
  4 giant cockroaches
  7 goblins
  4 hobgoblins
  4 jackals (D:2)
  7 kobolds
  6 quokkas
  8 ball pythons
  5 frilled lizards
  9 hobgoblin zombies (Ossuary)
  2 jackal zombies (Ossuary)
  15 kobold zombies (Ossuary)
  3 orc zombies (Ossuary)
  18 rats
  2 rat zombies (Ossuary)
916 creatures vanquished.

Vanquished Creatures (others)
  An unseen horror (D:13)
  A jumping spider (Spider:1)
  20 fungi
  28 plants
50 creatures vanquished.

Grand Total: 966 creatures vanquished

Notes
Turn   | Place    | Note
-------+----------+-------------------------------------------
     0 | D:1      | danielguo94 the Minotaur Berserker began the quest for the
                  | Orb.
     0 | D:1      | Reached XP level 1. HP: 19/19 MP: 0/0
   188 | D:1      | Reached XP level 2. HP: 26/27 MP: 1/1
   194 | D:1      | Reached skill level 4 in Axes
   299 | D:1      | Found a faded altar of an unknown god.
   545 | D:2      | Reached XP level 3. HP: 33/33 MP: 2/2
  1100 | D:2      | Reached ** piety under Trog
  1125 | D:2      | Reached XP level 4. HP: 41/41 MP: 3/3
  1175 | D:2      | Reached skill level 5 in Axes
  1708 | D:3      | Reached XP level 5. HP: 46/47 MP: 4/4
  2296 | D:4      | Reached skill level 5 in Fighting
  2362 | D:4      | Reached skill level 1 in Shields
  2362 | D:4      | Reached XP level 6. HP: 56/56 MP: 5/5
  2419 | D:4      | Reached skill level 6 in Axes
  2434 | D:4      | Found a sand-covered staircase.
  2440 | Ossuary  | Entered an ossuary
  2450 | Ossuary  | Reached *** piety under Trog
  2550 | Ossuary  | Reached skill level 7 in Axes
  2550 | Ossuary  | Reached XP level 7. HP: 56/61 MP: 6/6
  2713 | D:4      | Found a glowing drain.
  2720 | D:4      | Reached **** piety under Trog
  2728 | Sewer    | Entered a sewer
  3090 | D:4      | Found a snail-covered altar of Cheibriados.
  3333 | D:4      | Reached skill level 5 in Armour
  3338 | D:5      | Entered Level 5 of the Dungeon
  3392 | D:5      | Reached skill level 8 in Axes
  3530 | D:5      | Noticed Sigmund
  3603 | D:6      | Noticed Duvessa
  3603 | D:6      | Noticed Dowan
  3609 | D:6      | Killed Duvessa
  3612 | D:6      | Killed Dowan
  3749 | D:6      | Reached XP level 8. HP: 70/70 MP: 7/7
  3808 | D:6      | Reached skill level 9 in Axes
  4564 | D:7      | Reached skill level 10 in Axes
  4623 | D:7      | Reached XP level 9. HP: 78/78 MP: 8/8
  4706 | D:5      | Killed Sigmund
  4709 | D:5      | Found an iron altar of Okawaru.
  4711 | D:5      | Found a shimmering altar of Xom.
  5221 | D:7      | Found a staircase to the Ecumenical Temple.
  5306 | D:7      | Reached skill level 11 in Axes
  5594 | D:8      | Reached skill level 10 in Armour
  5695 | D:8      | Noticed a skeletal warrior
  5857 | D:8      | Reached XP level 10. HP: 80/88 MP: 9/9
  5893 | D:8      | Killed a skeletal warrior
  6002 | D:8      | Reached skill level 12 in Axes
  6042 | D:8      | Reached ***** piety under Trog
  6232 | D:8      | Found the +5 scythe "Finisher" {speed, eviscerate}
  6411 | D:9      | Found Mufu Eru's Distillery.
  6419 | D:9      | Bought a potion of degeneration for 15 gold pieces
  6425 | D:9      | Bought a potion of attraction for 45 gold pieces
  6425 | D:9      | Bought a potion of heal wounds for 75 gold pieces
  6425 | D:9      | Bought a potion of might for 60 gold pieces
  6425 | D:9      | Bought a potion of flight for 45 gold pieces
  6425 | D:9      | Bought a potion of curing for 45 gold pieces
  6433 | D:9      | Noticed a two-headed ogre
  6441 | D:9      | Killed a two-headed ogre
  6654 | D:9      | Found Kihoug's Weapon Shop.
  6709 | D:9      | Noticed Erolcha
  6718 | D:9      | Killed Erolcha
  6719 | D:9      | Reached skill level 5 in Shields
  6755 | D:9      | Found Fenk's Magic Scroll Shoppe.
  6782 | D:9      | Reached skill level 13 in Axes
  6803 | D:9      | Bought a scroll of noise for 11 gold pieces
  6804 | D:9      | Bought a scroll of fog for 22 gold pieces
  6804 | D:9      | Bought a scroll of teleportation for 33 gold pieces
  6804 | D:9      | Bought a scroll of fog for 22 gold pieces
  6804 | D:9      | Bought a scroll of fog for 22 gold pieces
  6804 | D:9      | Bought a scroll of identify for 22 gold pieces
  6804 | D:9      | Bought a scroll of identify for 22 gold pieces
  6804 | D:9      | Bought a scroll of identify for 22 gold pieces
  6851 | D:9      | Reached XP level 11. HP: 64/97 MP: 10/10
  7329 | D:10     | Entered Level 10 of the Dungeon
  7544 | D:10     | Noticed Fannar
  7565 | D:10     | Killed Fannar
  7589 | D:10     | Found a staircase to the Orcish Mines.
  7601 | D:10     | Noticed a two-headed ogre
  7611 | D:10     | Killed a two-headed ogre
  7666 | D:10     | Noticed a two-headed ogre
  7671 | D:10     | Killed a two-headed ogre
  7686 | D:10     | Found a staircase to the Lair.
  8085 | Lair:1   | Entered Level 1 of the Lair of Beasts
  8136 | Lair:1   | Upgraded the game from 0.28.0 to 0.28.0-1-gb440e238dd
  8358 | Lair:1   | Reached skill level 14 in Axes
  8364 | Lair:1   | Reached skill level 10 in Fighting
  8818 | Lair:1   | Noticed a five-headed hydra
  8825 | Lair:1   | Killed a five-headed hydra
  8826 | Lair:1   | Reached XP level 12. HP: 107/107 MP: 11/11
  9126 | Lair:2   | Noticed a five-headed hydra
  9132 | Lair:2   | Killed a five-headed hydra
  9295 | Lair:2   | Reached skill level 1 in Maces & Flails
  9877 | Lair:2   | Identified the +9 dire flail "Dragonbane" {venom, +Blink
                  | rPois rCorr Dex-4}
 10009 | Lair:2   | Found a staircase to the Shoals.
 10019 | Lair:2   | Identified the +2 scale mail of the Ageless Lies {rPois rN+
                  | Stlth-}
 10327 | Lair:3   | Reached skill level 1 in Evocations
 10541 | Lair:3   | Identified the +9 battleaxe "Xeag" {vorpal, Dex+3} (Trog
                  | gifted it to you on level 3 of the Lair of Beasts)
 10541 | Lair:3   | Received a gift from Trog
 10567 | Lair:3   | Reached skill level 15 in Armour
 10773 | Lair:3   | Noticed a four-headed hydra
 10798 | Lair:3   | Killed a four-headed hydra
 11003 | Lair:3   | Noticed a boulder beetle
 11011 | Lair:3   | Killed a boulder beetle
 11077 | Lair:3   | Noticed an eight-headed hydra
 11084 | Lair:3   | Killed an eight-headed hydra
 11247 | Lair:3   | Reached skill level 15 in Axes
 11354 | Lair:3   | Found a hole to the Spider Nest.
 11727 | Lair:4   | Reached skill level 5 in Dodging
 11823 | Lair:4   | Reached XP level 13. HP: 104/117 MP: 12/12
 13030 | Lair:5   | Reached skill level 16 in Axes
 13987 | Lair:6   | Entered Level 6 of the Lair of Beasts
 14027 | Lair:6   | Found a runed translucent door.
 14027 | Lair:6   | Found a shimmering altar of Xom.
 14027 | Lair:6   | Noticed Esekla's ghost (journeyman TeWn)
 14032 | Lair:6   | Found a staircase to the Slime Pits.
 14097 | Lair:6   | Reached skill level 5 in Evocations
 14339 | Lair:6   | Received a gift from Trog
 15010 | Lair:6   | Reached XP level 14. HP: 86/127 MP: 13/13
 15011 | Lair:6   | Reached skill level 17 in Axes
 16087 | Lair:6   | Killed Esekla's ghost
 16088 | Lair:6   | Identified the +5 arbalest of Duty {venom, Str+2}
 16220 | Orc:1    | Entered Level 1 of the Orcish Mines
 16230 | Orc:1    | Noticed Sonja
 16234 | Orc:1    | Received a gift from Trog
 16236 | Orc:1    | Killed Sonja
 16600 | Orc:2    | Entered Level 2 of the Orcish Mines
 16875 | Orc:2    | Noticed an orc warlord
 17056 | Orc:2    | Killed an orc warlord
 17305 | Orc:2    | Reached skill level 18 in Axes
 17661 | Orc:2    | Reached ****** piety under Trog
 18006 | Orc:2    | Received a gift from Trog
 18173 | Orc:2    | Found a staircase to the Elven Halls.
 18248 | Orc:2    | Found Wyxecom's General Store.
 18249 | Orc:2    | Found Weafelai's Book Emporium.
 18251 | Orc:2    | Found Abent's Antique Armour Emporium.
 18251 | Orc:2    | Found Huekhlom's Antique Weapon Shoppe.
 18256 | Orc:2    | Bought a wand of iceblast (7) for 154 gold pieces
 18627 | Orc:2    | Bought a pair of runed gloves for 255 gold pieces
 19067 | D:11     | Noticed Snorg
 19080 | D:11     | Killed Snorg
 19746 | D:12     | Noticed Frances
 19759 | D:12     | Killed Frances
 19832 | D:12     | Found the +7 lajatang of Order {silver, rMut}
 20267 | D:12     | Reached XP level 15. HP: 114/137 MP: 14/14
 20267 | D:12     | Found Huastrir's Elemental Accessories.
 20774 | D:13     | Noticed Nessos
 20781 | D:13     | Killed Nessos
 21147 | D:13     | HP: 1/207 [bunyip (glowing shapeshifter) (18)]
 21537 | D:13     | Found a gate to the Vaults.
 22030 | D:14     | Found a hazy altar of Hepliaklqana.
 22062 | D:14     | Received a gift from Trog
 22070 | D:14     | Reached skill level 19 in Axes
 22451 | D:14     | Found a runed translucent gate.
 22452 | D:14     | Found a runed translucent gate.
 22453 | D:14     | Found a runed translucent gate.
 22453 | D:14     | Noticed mdonais's ghost (adept OpWz)
 22841 | D:14     | Killed mdonais's ghost
 22969 | D:15     | Entered Level 15 of the Dungeon
 23316 | D:15     | Found a shimmering altar of Xom.
 23326 | D:15     | Reached skill level 15 in Fighting
 23384 | D:15     | Found a staircase to the Depths.
 24529 | D:15     | Reached skill level 10 in Shields
 24878 | Spider:1 | Entered Level 1 of the Spider Nest
 25085 | Spider:1 | Reached XP level 16. HP: 149/149 MP: 15/15
 25487 | Spider:1 | Received a gift from Trog
 26363 | Spider:2 | Identified 2 scrolls of acquirement
 26364 | Spider:2 | Acquired the ring "Tyceqeal" {rF+ rC+ Will+}
 26553 | Spider:2 | Acquired the +1 cloak "Ixuism" {Dex+5}
 27267 | Spider:2 | Paralysed by a jorogumo for 3 turns
 27355 | Spider:2 | Reached skill level 20 in Axes
 27497 | Spider:2 | Received a gift from Trog
 28957 | Spider:4 | Entered Level 4 of the Spider Nest
 29032 | Spider:4 | Received a gift from Trog
 29032 | Spider:4 | Found the +8 mithril axe "Arga" {speed, Will+}
 29179 | Spider:4 | HP: 10/228 [entropy weaver simulacrum (15)]
 29181 | Spider:4 | Slain by a redback

Illustrated notes

Levels and vault maps discovered:
D:1:      dpeg_arrival_windows_large_door, layout_basic,
          ebering_ecumenical_altar_petrified, minmay_tetromino_l2
D:2:      layout_basic, minivault_4, minmay_misc_feat_alley,
          grunt_ministairs_11, nicolae_wormholes
D:3:      layout_basic, minmay_misc_feat_chi, minivault_26
D:4:      layout_cave_pods, cheibrodos_worm_habitat, portal_sewer_entry_b,
          nicolae_ossuary_entry_false_entrances
D:5:      layout_gridville, jmf_multi_god_temple, grunt_ministairs_6,
          glass_columns_a, kennysheep_generic_room_8, uniq_sigmund
D:6:      layout_loops_cross, serial_bayou_crossing, uniq_duvessa
D:7:      layout_rooms, temple_hall
D:8:      layout_loops_cross, mumra_transporter_accident,
          minmay_guarded_unrand_finisher
D:9:      layout_roguey, serial_shops, shop, nicolae_take_the_stairs, shop,
          nzn_life_drinkers, uniq_erolcha
D:10:     layout_rooms, david_lair_shrubbed, erik_orc_4, uniq_fannar
D:11:     layout_small_grid, uniq_snorg
D:12:     minmay_cut_squares, layout_grid_maze, nicolae_elemental_shop,
          fake_guardian_serpent_vault, uniq_frances
D:13:     layout_big_octagon, david_vaults_4, uniq_nessos
D:14:     layout_cave_pods, chequers_garden, gammafunk_ghost_hydra_chop,
          nicolae_hepliaklqana_hazy_memory
D:15:     grunt_enter_depths_giant_problem, layout_basic, xom_teletrap_fun
Lair:1:   layout_roguey
Lair:2:   layout_misc_corridors, minmay_shoals_entry_lonely_mermaid
Lair:3:   layout_loops_ring, spider_nest_entry_a
Lair:4:   layout_layer_cave, hangedman_lair_unloving_vines, minivault_24,
          chequers_serial_rivers_micro_e, beast_lair_carwin_8
Lair:5:   nzn_winding_woodlands_small [nzn_winding_woodlands_5x15_default,
          nzn_winding_woodlands_center_pierced_h,
          nzn_winding_woodlands_5x15_pockets], layout_gridlike,
          nicolae_lair_liquid_snakes
Lair:6:   minmay_lair_end_enchanted_forest, layout_gridlike,
          nicolae_slime_entry_slimehenge, ebering_ghost_xom
Spider:1: layout_spider_delve, spiders_nest_spider_trap
Spider:2: layout_chambers, nicolae_spider_undead_wolf_pack
Spider:3: layout_spider_delve, nicolae_spider_webbed_stairs
Spider:4: grunt_spider_rune_parallel, nicolae_spider_paper_wasps
Orc:1:    layout_diamond_mine, nicolae_orc_stony_grotto, uniq_sonja
Orc:2:    st_orc_congregation, layout_caves, nicolae_orc_rockfall,
          lightli_orcish_oven

Skill      XL: |  1  2  3  4  5  6  7  8  9 10 11 12 13 14 15 16 |
---------------+-------------------------------------------------+-----
Fighting       | 4 5 6 7 9 10 11 12 13 15 16 | 16.6
Axes           | 4 5 7 8 10 11 13 14 15 16 18 19 20 | 20.5
Armour         | 3 4 5 8 10 12 14 15 16 17 18 | 18.9
Shields        | 1 2 3 5 6 7 8 10 | 10.7
Dodging        | 3 4 5 6 7 8 |  8.3
Maces & Flails | 2 3 |  3.4
Evocations     | 3 5 7 8 9 |  9.8

Action                   |  1- 3 |  4- 6 |  7- 9 | 10-12 | 13-15 | 16-18 || total
-------------------------+-------+-------+-------+-------+-------+-------++-------
Melee: Hand axe          |    79 |   137 |   246 |   398 |       |       ||   860
       Headbutt          |    12 |    25 |    42 |   121 |   172 |    93 ||   465
       Punch             |     1 |       |     2 |     3 |     1 |       ||     7
       Flail             |       |       |       |    20 |    14 |       ||    34
       Battleaxe         |       |       |       |    61 |   452 |   390 ||   903
       Broad axe         |       |       |       |       |   356 |       ||   356
Throw: Dart              |       |       |       |       |     1 |       ||     1
Invok: Berserk           |     2 |     1 |     9 |     6 |    13 |     7 ||    38
       Trog's Hand       |       |       |       |     3 |     1 |     1 ||     5
Evoke: Wand              |       |       |     1 |       |       |     2 ||     3
  Use: Scroll            |     1 |     2 |     8 |     6 |    14 |     6 ||    37
       Potion            |       |       |       |     1 |     1 |     2 ||     4
 Stab: Paralysed         |       |       |     3 |       |       |     7 ||    10
Armor: Chain mail        |    35 |    61 |    94 |    94 |       |       ||   284
       Animal skin       |     2 |       |       |       |       |       ||     2
       Scale mail        |       |       |       |    50 |   272 |   234 ||   556
Dodge: Dodged            |    39 |    46 |   109 |   134 |   360 |   289 ||   977
Block: Other             |       |    20 |    61 |    54 |    86 |    85 ||   306
       Reflection        |       |       |     3 |     1 |    26 |       ||    30
       Orb               |       |       |       |     4 |       |       ||     4
       Buckler           |       |       |       |       |    33 |       ||    33
       Kite shield       |       |       |       |       |   201 |       ||   201
